 Dungeon Crawl Stone Soup version 0.28-a0-998-gb9e9c7b67e (webtiles) character file.

Game seed: 5438434008176368527

4265 willcat the Stinger (level 10, -14/52 (54) HPs)
             Began as a Kobold Venom Mage on Dec 5, 2021.
             Was an Initiate of Gozag.
             Demolished by a komodo dragon (17 damage)
             ... on level 1 of the Lair of Beasts.
             The game lasted 00:16:44 (12657 turns).

willcat the Stinger (Kobold Venom Mage)            Turns: 12657, Time: 00:16:45

HP:   -14/52 (54)   AC: 12    Str: 11    XL:     10   Next: 56%
MP:   13/20         EV: 16    Int: 22    God:    Gozag
Gold: 1267          SH:  0    Dex: 15    Spells: 8/22 levels left

rFire   . . .      SeeInvis .   o - +2 short sword (venom)
rCold   . . .      Faith    .   (shield restricted)
rNeg    . . .      Spirit   .   D - +2 acid dragon scales
rPois   .          Reflect  .   q - +0 helmet of Jippaena {Rampage rC- Str+6 Stlth+}
rElec   .          Harm     .   C - +0 cloak
rCorr   +          Rampage  +   (no gloves)
Will    +....                   B - +0 pair of boots
Stlth   ++++......              (no amulet)
HPRegen 0.17/turn               j - ring of willpower
MPRegen 0.17/turn               y - ring of protection from cold

@: lightly drained
A: small, no large weapons, nightstalker 3
a: Renounce Religion, Potion Petition, Call Merchant, Bribe Branch


You were on level 1 of the Lair of Beasts.
You worshipped Gozag.
Gozag was most pleased with you.
You visited 3 branches of the dungeon, and saw 10 of its levels.

You collected 1557 gold pieces.
You paid 290 gold pieces to Gozag.

Inventory:

Hand Weapons
 h - a +1 short sword of draining
 o - a +2 short sword of venom (weapon)
Armour
 q - the +0 helmet of Jippaena (worn) {Rampage rC- Str+6 Stlth+}
   (You found it on level 4 of the Dungeon)

   Str:       It affects your strength (+6).
   rC:        It makes you vulnerable to cold.
   Rampage:   It bestows one free step when moving towards enemies.
   Stlth:     It makes you more stealthy.
 s - a scarf of harm
 v - a +0 robe of positive energy
 B - a +0 pair of boots (worn)
 C - a +0 cloak (worn)
 D - +2 acid dragon scales (worn)
Magical Staves
 a - a staff of poison
Jewellery
 j - a ring of willpower (left hand)
 y - a ring of protection from cold (right hand)
Wands
 e - a wand of acid (20)
 k - a wand of iceblast (17)
 t - a wand of polymorph (10)
 A - a wand of digging (5)
Scrolls
 b - 2 scrolls of identify
 d - 2 scrolls of noise {unknown}
 f - a scroll of amnesia {unknown}
 i - a scroll of fog {unknown}
 n - 3 scrolls of vulnerability
 p - a scroll of immolation {unknown}
 r - a scroll of blinking {unknown}
 E - 2 scrolls of teleportation
 F - 3 scrolls of magic mapping {unknown}
Potions
 c - 5 potions of curing
 g - 3 potions of heal wounds
 l - a potion of ambrosia {unknown}
 m - 3 potions of resistance {unknown}
 u - a potion of mutation {unknown}
 w - a potion of lignification {unknown}
 x - a potion of magic {unknown}
 z - a potion of flight
 G - a potion of berserk rage
 H - a potion of cancellation {unknown}


   Skills:
 - Level 2.5 Fighting
 - Level 4.5 Short Blades
 + Level 3.4 Armour
 + Level 6.0 Dodging
 - Level 3.8 Stealth
 + Level 6.7 Spellcasting
 - Level 1.6 Conjurations
 + Level 6.3 Transmutations
 - Level 3.5 Air Magic
 + Level 2.7 Earth Magic
 + Level 7.1 Poison Magic


You had 8 spell levels left.
You knew the following spells:

 Your Spells              Type           Power      Damage    Failure   Level
a - Sting                 Tmut/Pois      100%       1d8       1%          1
b - Poisonous Vapours     Pois/Air       60%        N/A       2%          2
c - Mephitic Cloud        Conj/Pois/Air  25%        N/A       7%          3
d - Olgreb's Toxic Radia  Pois           38%        N/A       7%          4
e - Petrify               Tmut/Erth      27%        N/A       19%         4

Your spell library contained the following spells:

 Spells                   Type           Power      Damage    Failure   Level
 Ignite Poison            Fire/Tmut/Pois 27%        N/A       6%          3
 Sublimation of Blood     Necr           7%         N/A       19%         2
 Conjure Flame            Conj/Fire      11%        6-21      26%         3
 Irradiate                Conj/Tmut      12%        3d17      56%         5
 Sticky Flame             Conj/Fire      11%        2d3       65%         4


Dungeon Overview and Level Annotations

Branches:
Dungeon (8/15)             Temple (1/1) D:4            Lair (1/6) D:8

Altars:
Ashenzari
Dithmenos
Elyvilon
Fedhas
Gozag
Hepliaklqana
Kikubaaqudgha
Makhleb
Nemelex Xobeh
Okawaru
Qazlal
Sif Muna
Trog
Uskayaw
Vehumet
Xom
Yredelemnul
Zin
The Shining One


Innate Abilities, Weirdness & Mutations

You are small and have problems with some larger weapons.
You are completely attuned to the shadows.


Message History

Casting: Poisonous Vapours (safe; 2% risk of failure)
Confirm with . or Enter, or press ? or * to list all spells.
Aiming: Poisonous Vapours (safe; 2% risk of failure)
Press: ? - help, Dir - move target, f/p - komodo dragon
Aim: a komodo dragon (lightly wounded, very poisoned) Poisonous vapours surround the komodo dragon!
The komodo dragon looks as sick as possible!
Unknown command.
Casting: Poisonous Vapours (safe; 2% risk of failure)
Confirm with . or Enter, or press ? or * to list all spells.
Aiming: Sting (safe; 1% risk of failure)
Press: ? - help, Shift-Dir - straight line, f/p - komodo dragon
Aim: a komodo dragon (moderately wounded, extremely poisoned, 84% to hit)
The sting hits the komodo dragon.
The komodo dragon looks as sick as possible!
The komodo dragon is moderately wounded.
The komodo dragon misses you.
Found a fuming coppery potion.
Casting: Sting (safe; 1% risk of failure)
Confirm with . or Enter, or press ? or * to list all spells.
Aiming: Sting (safe; 1% risk of failure)
Press: ? - help, Shift-Dir - straight line, f/p - komodo dragon
Aim: a komodo dragon (heavily wounded, extremely poisoned, 84% to hit)
The sting misses the komodo dragon.
The komodo dragon bites you!
The komodo dragon hisses menacingly.
You see here a fuming coppery potion.
You hit the komodo dragon.
The komodo dragon is severely wounded.
The komodo dragon bites you!
Unknown command.
The komodo dragon bites you!!
Ouch! That really hurt!
* * * LOW HITPOINT WARNING * * *
Aiming: Iceblast
Press: ? - help, Shift-Dir - straight line, p - komodo dragon The mass of ice explodes!
The iceblast engulfs the komodo dragon.
The komodo dragon is almost dead.
The komodo dragon bites you!
You die...
Your body crumbles into a pile of gold.

#...... ...
#...#.###..
##..#......#
#..........#
##..#....!.#
#.<.......+
#..#......#
#..#....l.#
#.......@.#
#...#######
#.... ######


You could see a komodo dragon (very poisoned).

Vanquished Creatures
  Maggie (D:6)
  A komodo dragon (D:8)
  Grinder (D:4)
  A wyvern (D:8)
  Eustachio (D:6)
  Edmund (D:6)
  A water moccasin (D:8)
  A sky beast (D:8)
  A black bear (D:6)
  A necrophage (D:6)
  An ogre (D:6)
  3 centaurs
  2 phantoms
  Blork the orc (D:4)
  A kobold brigand (D:8)
  4 bullfrogs
  2 gnoll sergeants (D:8)
  A wyvern zombie (D:6)
  4 scorpions (D:6)
  A water moccasin skeleton (D:6)
  6 wights
  A lava snake (D:7)
  5 hounds
  2 centaur zombies
  2 orc priests
  A centaur skeleton (D:7)
  3 jellies
  2 bullfrog skeletons
  7 iguanas
  6 orc wizards
  A killer bee zombie (D:6)
  A howler monkey skeleton (D:6)
  15 gnolls
  9 adders
  An adder skeleton (D:4)
  3 worms
  4 dart slugs
  28 orcs
  3 ball pythons
  8 endoplasms
  3 giant cockroaches
  6 goblins
  8 hobgoblins
  4 jackals (D:2)
  4 quokkas
  2 bats
  2 frilled lizards (D:1)
  10 kobolds
  4 rats
181 creatures vanquished.

Vanquished Creatures (others)
  6 plants
6 creatures vanquished.

Grand Total: 187 creatures vanquished

Notes
Turn   | Place    | Note
-------+----------+-------------------------------------------
     0 | D:1      | willcat the Kobold Venom Mage began the quest for the Orb.
     0 | D:1      | Reached XP level 1. HP: 10/10 MP: 3/3
   447 | D:1      | Reached XP level 2. HP: 9/15 MP: 5/5
   450 | D:1      | Learned a level 2 spell: Poisonous Vapours
  1540 | D:1      | Found a faded altar of an unknown god.
  1578 | D:1      | Reached XP level 3. HP: 19/19 MP: 3/6
  1582 | D:1      | Learned a level 3 spell: Mephitic Cloud
  1834 | D:2      | Reached skill level 1 in Short Blades
  2238 | D:2      | Reached XP level 4. HP: 8/24 MP: 4/8
  2665 | D:2      | Reached skill level 1 in Air Magic
  3999 | D:3      | You fall into a shaft and drop 3 floors!
  4173 | D:6      | Noticed Eustachio
  4246 | D:5      | Entered Level 5 of the Dungeon
  4494 | D:3      | Reached XP level 5. HP: 28/28 MP: 5/9
  4836 | D:3      | Learned a level 4 spell: Olgreb's Toxic Radiance
  5129 | D:4      | Found a staircase to the Ecumenical Temple.
  5141 | Temple   | Entered the Ecumenical Temple
  5497 | D:4      | Noticed Grinder
  5500 | D:4      | Noticed Blork the orc
  5529 | D:4      | Identified the +0 helmet of Jippaena {Rampage rC- Str+6
                  | Stlth+}
  5566 | D:4      | Killed Grinder
  5567 | D:4      | Reached skill level 4 in Poison Magic
  5567 | D:4      | Reached XP level 6. HP: 30/32 MP: 9/11
  5614 | D:4      | Found a hazy altar of Hepliaklqana.
  5618 | D:4      | Reached XP level 7. HP: 30/36 MP: 12/12
  5736 | D:4      | Found a hide-covered altar of Uskayaw.
  5770 | D:4      | Killed Blork the orc
  7042 | D:5      | Reached XP level 8. HP: 35/41 MP: 14/14
  7570 | Temple   | Became a worshipper of Gozag Ym Sagoz the Greedy
  7690 | D:6      | Reached skill level 5 in Poison Magic
  7880 | D:6      | Reached skill level 1 in Fighting
  7880 | D:6      | Reached skill level 1 in Conjurations
  7939 | D:6      | Noticed Maggie
  7954 | D:6      | HP: 2/43 [Maggie/bolt of fire (22)]
  7959 | D:6      | Killed Maggie
  7960 | D:6      | Reached skill level 5 in Spellcasting
  8325 | D:6      | Reached XP level 9. HP: 48/48 MP: 16/16
  8695 | D:6      | Killed Eustachio
  8832 | D:6      | Reached skill level 1 in Armour
  9154 | D:6      | Reached skill level 5 in Transmutations
  9224 | D:6      | Noticed Edmund
  9255 | D:6      | Killed Edmund
  9256 | D:6      | Reached skill level 6 in Poison Magic
 10066 | D:7      | Learned a level 4 spell: Petrify
 10279 | D:7      | Reached skill level 5 in Dodging
 10279 | D:7      | Reached XP level 10. HP: 50/53 MP: 14/19
 10510 | D:7      | Reached skill level 1 in Earth Magic
 11356 | D:8      | Reached skill level 7 in Poison Magic
 11587 | D:8      | Found a staircase to the Lair.
 12558 | D:8      | Noticed a komodo dragon
 12581 | D:8      | Killed a komodo dragon
 12631 | Lair:1   | Entered Level 1 of the Lair of Beasts
 12635 | Lair:1   | Noticed a komodo dragon
 12654 | Lair:1   | HP: 2/52 [komodo dragon (26)]
 12657 | Lair:1   | Demolished by a komodo dragon

Illustrated notes

Levels and vault maps discovered:
D:1:      saegor_arrival_simple_e, layout_loops_ring,
          hellmonk_ecumenical_altar_crossroads, serial_co_window_serial,
          co_window_paths_b, co_window_corner_a, co_window_of_opportunity_a,
          co_window_of_opportunity_a, co_window_corner_a, co_window_broadway_c,
          co_window_2corner, co_window_corner_ca, co_window_paths_c,
          co_window_2corner, co_window_unsneaky_path_c, glass_columns_a,
          glass_columns_a, glass_columns_c, minmay_pentomino_t2
D:2:      layout_basic, kennysheep_generic_room_2
D:3:      layout_loops_ring, corexii_leaking_fountain
D:4:      layout_loops_ring, mainiacjoe_overflow_catch_the_wave,
          minmay_temple_entry_wispy, uniq_grinder, uniq_blork_the_orc
D:5:      layout_loops_ring
D:6:      minmay_polygon_palace, layout_basic, uniq_edmund, uniq_maggie,
          uniq_eustachio
D:7:      layout_rooms, kennysheep_generic_room_4
D:8:      layout_basic, david_lair_shrubbed, minmay_misc_feat_four_crosses
Temple:   regret_index_temple_chain_breaker
Lair:1:   layout_regular_city, maelrawn_ghost_gauntlet_escape,
          nicolae_volcano_entry_vermiform, serial_bayou_lagoon_b, uniq_joseph

Skill      XL: |  1  2  3  4  5  6  7  8  9 10 |
---------------+-------------------------------+-----
Short Blades   | 1 3 4 |  4.5
Air Magic      | 1 2 3 |  3.5
Transmutations | 2 3 4 5 6 |  6.3
Spellcasting   | 3 4 5 6 |  6.7
Poison Magic   | 4 5 6 7 |  7.1
Stealth        | 3 |  3.8
Fighting       | 2 |  2.5
Conjurations   | 1 |  1.6
Dodging        | 3 5 6 |  6.0
Armour         | 2 3 |  3.4
Earth Magic    | 2 |  2.7

Action                   |  1- 3 |  4- 6 |  7- 9 | 10-12 || total
-------------------------+-------+-------+-------+-------++-------
Melee: Dagger            |    37 |       |       |       ||    37
       Staff             |     5 |       |       |       ||     5
       Short sword       |     5 |   101 |   294 |   113 ||   513
 Cast: Sting             |    10 |     9 |     5 |     2 ||    26
       Poisonous Vapours |    10 |    15 |    14 |    10 ||    49
       Olgreb's Toxic Ra |       |       |     9 |     6 ||    15
       Mephitic Cloud    |       |       |     4 |     1 ||     5
       Petrify           |       |       |     2 |     6 ||     8
Evoke: Wand              |       |     6 |    15 |     1 ||    22
  Use: Scroll            |       |       |     9 |       ||     9
 Stab: Sleeping          |     8 |    12 |    13 |     8 ||    41
       Paralysed         |       |     4 |     6 |       ||    10
       Petrified         |       |       |     5 |     4 ||     9
       Confused          |       |       |     4 |       ||     4
       Petrifying        |       |       |       |     1 ||     1
Armor: Robe              |     3 |    12 |    12 |       ||    27
       Acid dragon scale |       |       |    48 |    43 ||    91
Dodge: Dodged            |    30 |    53 |   178 |   107 ||   368

Table legend: (Time is in decaauts)
 A = Elapsed time spent in this place.
 B = Non-inter-level travel time spent in this place.
 C = Inter-level travel time spent in this place.
 D = Time resting spent in this place.
 E = Time spent auto-exploring this place.
 F = Levels seen in this place.
 G = Mean time per level.
                   A        B        C        D        E       F      G
               +--------+--------+--------+--------+--------+-----+--------+
         Total |  12613 |  12212 |    401 |   2638 |   7531 |  10 | 1261.3 |
       Dungeon |  12427 |  12062 |    365 |   2638 |   7424 |   8 | 1553.4 |
        Temple |    160 |    124 |     36 |      0 |    104 |   1 |  160.0 |
          Lair |     25 |     25 |      0 |      0 |      3 |   1 |   25.0 |
               +--------+--------+--------+--------+--------+-----+--------+

Top non-repeatable levels by time:
     D:8: 1932 daAuts
     D:6: 1893 daAuts
     D:1: 1803 daAuts
     D:2: 1671 daAuts
     D:5: 1591 daAuts
     D:4: 1329 daAuts
     D:3: 1168 daAuts
     D:7: 1037 daAuts
  Temple: 160 daAuts
  Lair:1: 25 daAuts
